 Dungeon Crawl Stone Soup version 0.26-a0-490-gf8362a0c98 (webtiles) character file.

Game seed: 10782501925522877489

2145 ANON1729 the Skirmisher (level 9, 0/75 HPs)
             Began as a Palentonga Delver on Aug 4, 2020.
             Succumbed to a killer bee's poison
             ... on level 7 of the Dungeon.
             The game lasted 00:10:09 (6334 turns).

ANON1729 the Skirmisher (Palentonga Delver)         Turns: 6334, Time: 00:10:09

Health: 0/75       AC:  7    Str: 19    XL:     9   Next: 9%
Magic:  9/9        EV: 12    Int: 10    God:
Gold:   336        SH:  0    Dex: 12    Spells: 8/8 levels left

rFire    . . .     SeeInvis +   i - +2 falchion (drain)
rCold    + . .     Faith    .   (no shield)
rNeg     . . .     Spirit   .   r - +2 leather armour {MR+}
rPois    .         Reflect  .   (no helmet)
rElec    .         Harm     .   e - +0 cloak
rCorr    .                      (no gloves)
MR       +....                  (boots restricted)
Stlth    +++.......             (no amulet)
HPRegen  0.22/turn              u - ring of protection from cold
MPRegen  0.11/turn              (no ring)

@: mighty, lethally poisoned (0 -> -7), berserk cooldown, slowed, very slow
A: large, rugged brown scales 3, see invisible, deformed body, roll, armoured
tail
a: Rolling Charge


You were on level 7 of the Dungeon.
You visited 2 branches of the dungeon, and saw 7 of its levels.

You collected 336 gold pieces.

Inventory:

Hand Weapons
 i - a +2 falchion of draining (weapon)
Missiles
 h - 175 stones (quivered)
Armour
 e - a +0 cloak (worn)
 r - a +2 leather armour of magic resistance (worn)
Jewellery
 u - a ring of protection from cold (left hand)
 v - an uncursed amulet of faith
 y - an uncursed amulet of guardian spirit {unknown}
 A - an uncursed ring of positive energy {unknown}
Wands
 g - a wand of digging (3)
Scrolls
 a - 3 scrolls of enchant armour {unknown}
 c - a scroll of fog
 d - a scroll of magic mapping
 j - 7 scrolls of identify {unknown}
 k - 3 scrolls of amnesia {unknown}
 p - 6 scrolls of teleportation {unknown}
 q - 4 scrolls of enchant weapon {unknown}
 s - 3 scrolls of remove curse {unknown}
 x - 2 scrolls of blinking {unknown}
Potions
 b - a potion of brilliance {unknown}
 f - a potion of magic {unknown}
 l - a potion of heal wounds {unknown}
 m - a potion of berserk rage
 n - a potion of might
 o - a potion of cancellation {unknown}
 t - a potion of curing {unknown}
 w - a potion of resistance {unknown}
 z - a potion of haste
 B - a potion of stabbing {unknown}


   Skills:
 + Level 6.7 Fighting
 + Level 6.3 Long Blades
 + Level 5.2 Dodging
 + Level 5.7 Stealth


You had 8 spell levels left.
You didn't know any spells.
Your spell library was empty.

Dungeon Overview and Level Annotations

Branches:
Dungeon (7/15)             Temple (1/1) D:7

Altars:
Cheibriados
Elyvilon
Fedhas
Kikubaaqudgha
Makhleb
Nemelex Xobeh
Okawaru
Qazlal
Ru
Sif Muna
Uskayaw
Vehumet
Wu Jian
Xom
Yredelemnul
The Shining One


Innate Abilities, Weirdness & Mutations

You are completely covered in rugged brown scales. (AC +3, +7% HP)
You have supernaturally acute eyesight. (SInv)
Armour fits poorly on your strangely shaped body.
You can roll at foes to attack.
You have a long armoured tail.


Message History

You feel sick. The killer bee closely misses you.
You slash the killer bee! You drain the killer bee.
You kill the killer bee!
The killer bee stings you.
* * * LOW HITPOINT WARNING * * *
You miss the killer bee. You tail-slap the killer bee.
You kill the killer bee!
* * * LOW HITPOINT WARNING * * *
You feel sick.
You are too berserk!
* * * LOW HITPOINT WARNING * * *
You feel sick.
Items here: ††††.
You feel a strong urge to attack something.
* * * LOW HITPOINT WARNING * * *
You feel sick.
You feel your anger nearly subside.
You are no longer berserk.
You are exhausted.
You feel yourself slow down.
You die...

#####.. #.....
########....#+####
..#.........#.....
..#.........#....# ###+##
..#.........#....# .....##
..#.........####'##.......
..##+###....'...@†......#
..##...'....#....##.....#
..#....#....#....# .....#
..#....#....#.............
..#....+....#............<
..#....#....#..####.##..##
..#....#....#..# .#####
.## ..'....#....#...
.#...# ... ..#....'....#
+...# ....


There were no monsters in sight!

Vanquished Creatures
  Sigmund (D:4)
  A sky beast (D:6)
  2 black bears (D:6)
  An ogre (D:7)
  A centaur (D:6)
  2 bullfrogs (D:6)
  4 scorpions
  5 killer bees (D:7)
  3 wights (D:6)
  A howler monkey (D:6)
  A centaur zombie (D:6)
  A bullfrog skeleton (D:6)
  4 hounds
  A jelly (D:5)
  An orc priest (D:4)
  7 orc wizards
  A centaur skeleton (D:4)
  Ijyb (D:4)
  An iguana (D:5)
  7 worker ants
  4 gnolls (D:6)
  7 adders
  A white imp (D:6)
  2 oozes
  2 worms
  5 leopard geckos
  8 orcs
  4 giant cockroaches
  4 goblins
  2 hobgoblins
  4 jackals
  4 quokkas
  4 bats
  3 frilled lizards
  3 kobolds
  A leopard gecko zombie (D:5)
  2 quokka skeletons
  2 rats (D:3)
108 creatures vanquished.

Notes
Turn   | Place    | Note
-------+----------+-------------------------------------------
     0 | D:5      | ANON1729 the Palentonga Delver began the quest for the Orb.
     0 | D:5      | Reached XP level 1. HP: 19/19 MP: 1/1
    20 | D:5      | Noticed a jelly
   472 | D:6      | Noticed a hound
   481 | D:6      | Killed a hound
   481 | D:6      | Reached XP level 2. HP: 15/25 MP: 2/2
   481 | D:6      | Reached XP level 3. HP: 19/31 MP: 3/3
   758 | D:6      | Found a shimmering altar of Xom.
   783 | D:6      | Reached XP level 4. HP: 19/38 MP: 4/4
  1087 | D:6      | Noticed a centaur
  1099 | D:6      | Noticed a bullfrog
  1104 | D:6      | Killed a centaur
  1104 | D:6      | Reached XP level 5. HP: 3/44 MP: 5/5
  1638 | D:6      | Reached XP level 6. HP: 37/51 MP: 6/6
  1751 | D:6      | Noticed a sky beast
  1764 | D:6      | Killed a sky beast
  2576 | D:5      | Reached XP level 7. HP: 52/58 MP: 7/7
  2803 | D:5      | Reached skill level 5 in Fighting
  3293 | D:6      | Reached skill level 5 in Long Blades
  3293 | D:6      | Reached XP level 8. HP: 52/67 MP: 8/8
  3343 | D:6      | Reached skill level 5 in Stealth
  3591 | D:4      | Noticed Ijyb
  3903 | D:4      | Killed Ijyb
  3961 | D:4      | Noticed Sigmund
  3971 | D:4      | Killed Sigmund
  5216 | D:3      | Found an ornate altar of the Wu Jian Council.
  5508 | D:2      | Found a basalt altar of Yredelemnul.
  5769 | D:7      | Found a staircase to the Ecumenical Temple.
  5843 | Temple   | Entered the Ecumenical Temple
  6123 | D:7      | Reached skill level 5 in Dodging
  6321 | D:7      | Reached XP level 9. HP: 18/75 MP: 9/9
  6329 | D:7      | HP: 4/112 [killer bee (2)]
  6332 | D:7      | HP: 1/112 [poisoned by a killer bee]
  6334 | D:7      | Succumbed to a killer bee's poison

Illustrated notes

Levels and vault maps discovered:
D:2:      kennysheep_the_goblin_king, layout_loops_ring, lemuel_crystal_altar,
          corexii_item_surrounded_by_moat, st_stairs_14, uniq_crazy_yiuf_cottage
D:3:      layout_loops_cross, overflow_temple_1_default, minmay_misc_feat_chi
D:4:      layout_gridville, minmay_fractal_squares_gapless_5, uniq_ijyb,
          uniq_sigmund
D:5:      layout_loops_corners, kennysheep_small_spiral
D:6:      layout_basic, basic_altar
D:7:      layout_gridville, minmay_temple_entry_ruins
Temple:   minmay_temple_curvy_branch

Skill      XL: |  1  2  3  4  5  6  7  8 |
---------------+-------------------------+-----
Dodging        | 2 3 4 5 |  5.2
Long Blades    | 3 4 5 6 |  6.3
Fighting       | 4 5 6 |  6.7
Stealth        | 4 5 |  5.7

Action                   |  1- 3 |  4- 6 |  7- 9 || total
-------------------------+-------+-------+-------++-------
Melee: Falchion          |    34 |    63 |   254 ||   351
       Tailslap          |     4 |    13 |    39 ||    56
       Unarmed           |       |       |    42 ||    42
Throw: Stone             |     1 |     3 |       ||     4
  Use: Scroll            |     1 |       |       ||     1
       Potion            |       |     1 |     2 ||     3
 Stab: Sleeping          |     1 |     1 |    22 ||    24
       Distracted        |       |     1 |     1 ||     2
Armor: Leather armour    |    17 |    16 |    82 ||   115
Dodge: Dodged            |    28 |    33 |   182 ||   243
       Rpst.: Falchion   |     8 |    11 |    36 ||    55

Table legend: (Time is in decaauts)
 A = Elapsed time spent in this place.
 B = Non-inter-level travel time spent in this place.
 C = Inter-level travel time spent in this place.
 D = Time resting spent in this place.
 E = Time spent auto-exploring this place.
 F = Levels seen in this place.
 G = Mean time per level.
                   A        B        C        D        E       F      G
               +--------+--------+--------+--------+--------+-----+--------+
         Total |   6320 |   6098 |    222 |   2182 |   2852 |   7 |  902.9 |
       Dungeon |   6091 |   5875 |    216 |   2182 |   2629 |   6 | 1015.2 |
        Temple |    228 |    223 |      5 |      0 |    223 |   1 |  228.0 |
               +--------+--------+--------+--------+--------+-----+--------+

Top non-repeatable levels by time:
     D:6: 2791 daAuts
     D:4: 1113 daAuts
     D:5: 980 daAuts
     D:3: 655 daAuts
     D:7: 372 daAuts
  Temple: 228 daAuts
     D:2: 178 daAuts
